 Dungeon Sprint DCSS version 0.22.1-2-g9c5b331 (webtiles) character file.

152 diana the Slasher (level 5, -8/44 HPs)
             Began as a Demonspawn Gladiator on Dec 22, 2018.
             Killed from afar by a wizard (29 damage)
             ... with a bolt of lightning
             ... in the Dungeon (Sprint III: "The Ten Rune Challenge").
             The game lasted 00:01:50 (415 turns).

diana the Slasher (Demonspawn Gladiator)             Turns: 415, Time: 00:01:51

Health: -8/44      AC: 11    Str: 18    XL:     5   Next: 11%
Magic:  5/5        EV:  9    Int:  9    God:
Gold:   8          SH:  0    Dex: 14    Spells: 4/4 levels left

rFire    . . .     SeeInvis .   a - +0 long sword
rCold    . . .     Gourm    .   (no shield)
rNeg     . . .     Faith    .   l - +0 plate armour
rPois    .         Spirit   .   c - +0 helmet
rElec    .         Reflect  .   (no cloak)
rCorr    .         Harm     .   (no gloves)
MR       .....     NoTele   +   (no boots)
Stlth    ..........             (no amulet)
HPRegen  0.14/turn              (no ring)
MPRegen  0.09/turn              (no ring)

@: no status effects
A: claws 1, repulsion field 1, powered by death 1, strong 1
a: no special abilities


You were in the Dungeon.
You were not hungry.

You visited 1 branch You collected 8 gold pieces.

Inventory:

Hand Weapons
 a - a +0 long sword (weapon)
Missiles
 d - 2 throwing nets (quivered)
 m - 6 javelins
Armour
 b - a +0 leather armour
 c - a +0 helmet (worn)
 l - a +0 plate armour (worn)
Scrolls
 k - a scroll of blinking
 n - a scroll of immolation {unknown}
 o - 4 scrolls of identify
 p - 2 scrolls of remove curse {unknown}
 r - a scroll of holy word {unknown}
Potions
 e - a potion of curing
 h - a potion of haste
 i - 2 potions of magic
 j - a potion of berserk rage
 q - 3 potions of flight
 s - a potion of mutation
Comestibles
 f - 3 rations


   Skills:
 + Level 5.4 Fighting
 * Level 7.2 Long Blades
 - Level 1.7 Throwing
 + Level 5.4 Dodging


You had 4 spell levels left.
You didn't know any spells.
Your spell library was empty.

Dungeon Overview and Level Annotations

Branches:
Dungeon (1/1)

Altars:
Kikubaaqudgha
Sif Muna
Vehumet


Innate Abilities, Weirdness & Mutations

You have sharp fingernails.
You are surrounded by a mild repulsion field. (EV +2)
You regenerate a little health from kills.
Your muscles are strong. (Str +2)


Message History

Your mutations feel more permanent.
Something hits you but does no damage.
You closely miss something.
You hear some strange, mumbled words.
You hit something.
You hear some strange, mumbled words.
A bolt of lightning appears from out of thin air!
The bolt of lightning hits you!
You hit something.
You hear some strange, mumbled words.
A stone arrow appears from out of thin air!
The stone arrow hits you!
You closely miss something. Something hits you but does no damage.
You barely miss something. Something hits you but does no damage.
Your plate armour prevents you from hitting something.
You hear some strange, mumbled words.
A bolt of lightning appears from out of thin air!
The bolt of lightning hits you!
Ouch! That really hurt!
You die...

.#......#####..#
##....†..#..#..#
.##.##...#..#..###+#+###
.##.###..##'#..#........
####.##..###...'.⌠......
##..##.÷####...#...####
....##..###....#.⌠.#
#..##...##.....#...#
..##....#......#@###
.###..##.#.....#){:# .#
#..#####....#___# ▓▓
▓▓▓▓ ▓▓▓▓▓▓▓▓▓▓


There were no monsters in sight!

Vanquished Creatures
  A water elemental (D)
  A scorpion (D)
  A kobold demonologist (D)
  A human (D)
  2 oozes (D)
  2 rats (D)
8 creatures vanquished.

Vanquished Creatures (others)
  2 draconian scorchers (D)
  A yaktaur (D)
  6 hellions (D)
  2 plants (D)
11 creatures vanquished.

Grand Total: 19 creatures vanquished

Notes
Turn   | Place    | Note
-------+----------+-------------------------------------------
     0 | D        | diana the Demonspawn Gladiator began the quest for the Orb.
     0 | D        | Reached XP level 1. HP: 16/16 MP: 1/1
     8 | D        | Reached skill level 3 in Long Blades
    11 | D        | Gained mutation: You regenerate a little health from kills.
                  | [demonic ancestry]
    11 | D        | Reached XP level 2. HP: 23/23 MP: 2/2
    65 | D        | Killed a yaktaur
    84 | D        | Killed a hellion
    84 | D        | Killed a hellion
    95 | D        | HP: 1/23 [human (3)]
   100 | D        | Reached skill level 4 in Long Blades
   100 | D        | Reached XP level 3. HP: 23/29 MP: 3/3
   108 | D        | Killed a hellion
   111 | D        | Killed a hellion
   136 | D        | Killed a hellion
   158 | D        | Killed a hellion
   163 | D        | Noticed a scorpion
   172 | D        | Killed a scorpion
   172 | D        | Reached skill level 5 in Long Blades
   172 | D        | Gained mutation: You have sharp fingernails. [demonic
                  | ancestry]
   172 | D        | Reached XP level 4. HP: 38/38 MP: 4/4
   195 | D        | Gained mutation: Your spells are a little harder to cast,
                  | but a little more powerful. [potion of mutation]
   195 | D        | Gained mutation: You are dopey. (Int -2) [potion of
                  | mutation]
   195 | D        | Gained mutation: You are somewhat resistant to further
                  | mutation. [potion of mutation]
   196 | D        | Lost mutation: You are dopey. (Int -2) [potion of mutation]
   196 | D        | Lost mutation: Your spells are a little harder to cast, but
                  | a little more powerful. [potion of mutation]
   196 | D        | Gained mutation: Your flesh is heat resistant. (rF+)
                  | [potion of mutation]
   197 | D        | Lost mutation: Your flesh is heat resistant. (rF+) [potion
                  | of mutation]
   197 | D        | Lost mutation: You are somewhat resistant to further
                  | mutation. [potion of mutation]
   197 | D        | Gained mutation: Your system is resistant to poisons.
                  | (rPois) [potion of mutation]
   197 | D        | Gained mutation: You are robust. (+10% HP) [potion of
                  | mutation]
   198 | D        | Lost mutation: Your system is resistant to poisons. (rPois)
                  | [potion of mutation]
   198 | D        | Lost mutation: You are robust. (+10% HP) [potion of
                  | mutation]
   198 | D        | Gained mutation: Your mind is acute. (Int +2) [potion of
                  | mutation]
   198 | D        | Gained mutation: Your system is resistant to poisons.
                  | (rPois) [potion of mutation]
   199 | D        | Lost mutation: Your mind is acute. (Int +2) [potion of
                  | mutation]
   199 | D        | Lost mutation: Your system is resistant to poisons. (rPois)
                  | [potion of mutation]
   199 | D        | Gained mutation: You are surrounded by a mild repulsion
                  | field. (EV +2) [potion of mutation]
   199 | D        | Gained mutation: Your muscles are strong. (Str +2) [potion
                  | of mutation]
   206 | D        | Noticed a water elemental
   214 | D        | Killed a water elemental
   214 | D        | Reached skill level 5 in Fighting
   214 | D        | Reached skill level 6 in Long Blades
   214 | D        | Reached skill level 5 in Dodging
   233 | D        | Killed a white draconian scorcher
   245 | D        | Killed a white draconian scorcher
   401 | D        | Found a radiant altar of Vehumet.
   401 | D        | Found a deep blue altar of Sif Muna.
   401 | D        | Found an ancient bone altar of Kikubaaqudgha.
   401 | D        | Noticed a wizard
   409 | D        | Reached skill level 7 in Long Blades
   409 | D        | Mutation became permanent: You are surrounded by a mild
                  | repulsion field. (EV +2) [demonic ancestry]
   409 | D        | Gained mutation: You are surrounded by a mild repulsion
                  | field. (EV +2) [demonic ancestry]
   409 | D        | Reached XP level 5. HP: 43/44 MP: 5/5
   415 | D        | Killed from afar by a wizard

Skill      XL: |  1  2  3  4 |
---------------+-------------+-----
Long Blades    | 3 4 5 7 |  7.2
Dodging        | 3 4 5 |  5.4
Fighting       | 3 4 5 |  5.4
Throwing       | |  1.7

Action                   |  1- 3 |  4- 6 || total
-------------------------+-------+-------++-------
Melee: Long sword        |    38 |    20 ||    58
Throw: Throwing net      |     1 |       ||     1
  Use: Potion            |     1 |     5 ||     6
 Stab: Sleeping          |     1 |       ||     1
       Held in net/web   |     1 |       ||     1
Armor: Leather armour    |     1 |       ||     1
       Plate armour      |    22 |    10 ||    32
Dodge: Dodged            |     9 |     7 ||    16
       Rpst.: Long sword |     1 |     1 ||     2
